Map: New Repugnancy LE

Players

Vanya - Winner!

  • Race: Zerg Zerg
  • Spawn Location: 1:00

Bistork

  • Race: Protoss Protoss
  • Spawn Location: 7:00

Event: 2019 WCS Summer

VOD

Have the link to the VOD?

Description

Time

  • Played on: July 12, 2019, 3 p.m.
  • Length: 9:46

All games in this series

Show
View Real Time Build Order
Export as new Build Order

Vanya Zerg - Winner!

Build Orders: Hatch First 

Get SALT Encoding   

  12  0:00  Drone  
  13  0:12  Overlord  
  13  0:17  Drone  
  14  0:30  Drone  
  14  0:31  Drone  
  16  0:49  Hatchery  
  15  0:52  Drone  
  15  0:55  Drone  
  17  0:58  Drone  
  18  1:09  Extractor  
  17  1:14  Spawning Pool  
  17  1:17  Drone  
  17  1:20  Drone  
  18  1:28  Drone  
  19  1:39  Drone  
  20  1:50  Drone  
  21  2:01  Queen x2  
  21  2:03  Zergling x2  
  21  2:04  Overlord  
  26  2:09  Metabolic Boost  
  26  2:11  Drone  
  26  2:14  Drone  
  28  2:23  Drone  
  28  2:24  Drone  
  30  2:37  Drone  
  30  2:39  Hatchery  
  30  2:43  Queen  
  32  2:48  Overlord  
  32  2:52  Drone  
  32  2:55  Drone x2  
  32  2:58  Drone  
  36  3:10  Drone x2, Overlord  
  36  3:12  Drone x2  
  40  3:14  Drone  
  40  3:19  Drone, Queen  
  44  3:28  Overlord  
  44  3:30  Zergling x6  
  44  3:31  Drone  
  48  3:36  Lair  
  48  3:39  Drone  
  49  3:44  Drone  
  50  3:48  Drone, Extractor, Roach Warren  
  50  3:49  Extractor  
  50  3:50  Drone x2  
  50  3:53  Drone  
  51  4:00  Drone x2  
  51  4:01  Overlord  
  53  4:14  Zergling x2  
  54  4:28  Roach x3  
  54  4:29  Roach x6  
  54  4:30  Overlord  
  72  4:33  Overlord  
  72  4:36  Overlord  
  72  4:40  Overlord  
  72  4:49  Zergling x4  
  72  4:51  Overlord  
  75  4:53  Roach x4  
  75  4:56  Zergling x2  
  75  4:57  Zergling x2  
  75  4:59  Roach  
  84  5:01  Roach  
  84  5:06  Zergling x2, Roach  
  86  5:11  Zergling x4, Roach  
  83  5:17  Zergling x4, Roach  
  82  5:22  Zergling x2, Roach  
  82  5:26  Zergling x4, Roach  
  84  5:28  Zergling x2  
  84  5:32  Roach, Ravager  
  84  5:34  Zergling x2  
  84  5:35  Ravager  
  88  5:36  Zergling x2  
  88  5:37  Zergling x4  
  88  5:42  Zergling x4  
  89  5:47  Queen  
  91  5:50  Ravager  
  91  5:51  Zergling x4  
  91  5:55  Queen  
  96  5:57  Drone  
  96  6:01  Drone x2  
  101  6:04  Roach  
  101  6:06  Roach  
  101  6:08  Roach  
  105  6:12  Ravager  
  105  6:15  Glial Reconstitution, Spine Crawler  
  105  6:21  Overlord  
  105  6:23  Spine Crawler  
  105  6:24  Roach  
  105  6:31  Overlord  
  107  6:33  Overlord  
  107  6:34  Evolution Chamber  
  106  6:40  Drone x4  
  106  6:42  Overlord  
  106  6:45  Roach  
  110  6:48  Queen, Roach  
  110  6:50  Roach  
  116  6:57  Roach x3  
  116  6:59  Roach  
  116  7:00  Roach  
  124  7:05  Baneling Nest, Roach  
  124  7:08  Roach  
  124  7:13  Zergling x4, Roach  
  128  7:15  Zergling x2  
  128  7:19  Roach  
  126  7:23  Roach x2  
  126  7:29  Roach  
  130  7:36  Roach x2  
  134  7:37  Ravager  
  134  7:40  Roach  
  137  7:52  Baneling  
  137  7:53  Baneling x5  
  137  7:54  Centrifical Hooks  
  137  7:58  Overlord  
  137  8:00  Zergling x2  
  137  8:03  Overseer  
  136  8:17  Zergling x8, Roach x2  
  129  8:21  Zergling x2, Roach  
  129  8:24  Drone  
  129  8:26  Drone  
  129  8:31  Baneling x2  
  129  8:33  Queen x2  
  133  8:37  Zergling x2, Roach x2  
  138  8:42  Baneling x4  
  138  8:43  Overlord  
  138  8:44  Overlord  
  136  8:52  Zergling x4, Roach  
  136  8:53  Overlord  
  137  8:56  Overlord  
  137  9:00  Zergling x2, Roach  
  127  9:03  Zergling x2, Roach  
  125  9:11  Zergling x4, Roach  
  125  9:16  Zergling x2, Roach  
  126  9:20  Zergling x2, Roach  
  123  9:29  Zergling x6  
Show
View Real Time Build Order
Export as new Build Order

Bistork Protoss 

Build Orders: 1 Gate Expand 

Get SALT Encoding   

  12  0:00  Probe  
  13  0:12  Probe  
  14  0:18  Pylon  
  14  0:24  Probe  
  15  0:33  Probe  
  15  0:40  Gateway  
  15  0:41  Probe  
  16  0:48  Assimilator  
  17  0:51  Probe  
  18  1:03  Probe  
  19  1:15  Probe  
  20  1:27  Nexus  
  20  1:36  Cybernetics Core  
  20  1:37  Probe  
  21  1:43  Assimilator  
  21  1:49  Probe  
  22  1:55  Pylon  
  22  2:01  Probe  
  22  2:03  Adept  
  23  2:13  Probe  
  26  2:17  Twilight Council  
  26  2:23  Stalker, Warp Gate  
  26  2:25  Probe  
  27  2:35  Probe  
  29  2:38  Probe  
  29  2:43  Probe  
  31  2:50  Probe  
  33  2:52  Robotics Facility  
  33  2:54  Probe  
  34  3:07  Probe  
  34  3:08  Charge, Probe  
  36  3:16  Gateway  
  36  3:22  Probe  
  37  3:31  Gateway  
  37  3:36  Gateway  
  37  3:37  Gateway  
  38  3:41  Gateway  
  38  3:47  Gateway, Warp Prism  
  38  3:52  Gateway  
  38  4:01  Pylon  
  40  4:09  Pylon  
  40  4:10  Assimilator  
  40  4:18  Stalker x2  
  40  4:23  Pylon  
  43  4:34  Pylon  
  43  4:37  Zealot x4  
  51  4:49  Zealot x4  
  59  5:05  Zealot  
  59  5:06  Zealot x5  
  65  5:10  Zealot  
  51  5:23  Zealot x2  
  51  5:26  Zealot x3  
  55  5:28  Zealot  
  39  5:52  Zealot x6  
  39  5:53  Zealot  
  39  5:54  Immortal  
  57  6:21  Zealot x2  
  57  6:22  Zealot x4  
  57  6:24  Zealot  
  71  6:33  Pylon  
  69  6:50  Zealot x4  
  69  6:51  Zealot x3  
  69  6:53  Zealot  
  85  7:11  Pylon  
  85  7:14  Pylon  
  85  7:15  Pylon  
  85  7:36  Zealot x8  
  101  7:41  Pylon  
  101  7:43  Immortal, Pylon  
  95  8:01  Zealot x4  
  95  8:03  Zealot  
  73  8:30  Zealot x7  
  73  8:31  Zealot  
  63  8:59  Zealot x7  
  59  9:04  Zealot  
  47  9:26  Zealot x3  
  36  9:32  Zealot  
  36  9:35  Zealot  
Tags
 
Add a new tag
Caveats
  • Supply blocks, unpowered buildings, or Contaminate may cause inaccurate times.
  • Supply counts are checked every 10 seconds.